 Dungeon Crawl Stone Soup version 0.27-a0-1590-g15f69828bf (webtiles) character file.

Game seed: 12705711988882909535

70 hilljack the Skirmisher (level 4, -4/29 HPs)
             Began as a Gargoyle Earth Elementalist on July 18, 2021.
             Slain by Sigmund (10 damage)
             ... on level 2 of the Dungeon.
             The game lasted 00:04:23 (2124 turns).

hilljack the Skirmisher (GrEE)                      Turns: 2124, Time: 00:04:24

Health: -4/29      AC:  6    Str: 11    XL:     4   Next: 22%
Magic:  7/7        EV: 11    Int: 17    God:
Gold:   6          SH:  0    Dex: 10    Spells: 6/7 levels left

rFire    . . .     SeeInvis .   b - +0 whip
rCold    . . .     Faith    .   (no shield)
rNeg     + . .     Spirit   .   a - +0 leather armour
rPois    ∞         Reflect  .   (no helmet)
rElec    +         Harm     .   h - scarf {shadows}
rCorr    .         Rampage  .   (no gloves)
Will     .....                  (no boots)
Stlth    ++........             (no amulet)
HPRegen  0.09/turn              (no ring)
MPRegen  0.10/turn              (no ring)

@: no status effects
A: sickness immunity, AC +3, negative energy resistance 1, electricity
resistance, torment resistance 1, petrification resistance
a: no special abilities


You were on level 2 of the Dungeon.
You visited 1 branch of the dungeon, and saw 2 of its levels.

You collected 41 gold pieces.
You spent 35 gold pieces at shops.

Inventory:

Hand Weapons
 b - a +0 whip (weapon)
Missiles
 c - 106 stones
Armour
 a - a +0 leather armour (worn)
 h - a scarf of shadows (worn)
Scrolls
 i - a scroll of magic mapping
Potions
 d - 2 potions of flight
 e - a potion of mutation {unknown}
 g - a potion of brilliance {unknown}


   Skills:
 + Level 4.1 Fighting
 - Level 1.5 Dodging
 - Level 2.1 Stealth
 - Level 2.0 Spellcasting
 - Level 0.7 Transmutations
 - Level 3.6 Earth Magic


You had 6 spell levels left.
You knew the following spells:

 Your Spells              Type           Power      Damage    Failure   Level
a - Sandblast             Erth           28%        2d8       6%          1

Your spell library contained the following spells:

 Spells                   Type           Power      Damage    Failure   Level
 Passwall                 Tmut/Erth      7%         N/A       16%         2
 Stone Arrow              Conj/Erth      14%        3d7       36%         3
 Petrify                  Tmut/Erth      9%         N/A       71%         4


Dungeon Overview and Level Annotations

Branches:
Dungeon (2/15)

Altars:

Shops:
D:2 (?

Annotations:
D:2 Sigmund


Innate Abilities, Weirdness & Mutations

You are immune to sickness and miasma.
Your stone body is resilient. (AC +3)
You are immune to poison.
You resist negative energy. (rN+)
You are resistant to electric shocks. (rElec)
You are resistant to unholy torment.
You are immune to petrification.


Message History

An adder is nearby!
You hit the adder.
You kill the adder!
Your Fighting skill increases to level 4!
No target in view!
Magic restored.
Sigmund the Dreaded comes into view.
He is wielding a +0 scythe.
Sigmund shouts!
The blast of sand hits Sigmund.
Sigmund is lightly wounded.
Sigmund hits you but does no damage.
The blast of sand misses Sigmund.
Sigmund hits you but does no damage.
The blast of sand hits Sigmund!
Sigmund is moderately wounded.
Sigmund casts a spell.
Sigmund flickers and vanishes!
Deactivating autopickup; reactivate with Ctrl-A.
You can't see any susceptible monsters within range! (Use Z to cast anyway.)
A puff of flame appears from out of thin air!
The puff of flame hits you.
You are confused.
You hear some strange, mumbled words.
You are more confused.
Sigmund appears from thin air!
Reactivating autopickup.
Sigmund casts a spell at you. The magic dart hits you.
You're too confused to move!
Sigmund casts a spell at you. The magic dart hits you.
Sigmund barely misses you.
You bump into the rock wall.
Sigmund hits you from afar with a +0 scythe.
Sigmund hits you with a +0 scythe!
* * * LOW HITPOINT WARNING * * *
You feel less confused.
Sigmund breathes a few words.
Sigmund's hands start flickering wildly.
Sigmund hits you with a +0 scythe!
You die...

....................#
#.#.........####..###
.####.#..###.{........#
..........#
#.######...#
#.#..#.##.###.# #...#
#.............# #...#
.#....###..#######
#...#
..................
.....
..........@@......
#..###
#.#.#.##...######
#..#...# ##.#...#
#.#...# #.#...# #.#
#.#...# #.#.##.....#
#.#.###....###


You could see Sigmund.

Vanquished Creatures
  3 adders (D:2)
  A worm (D:2)
  2 ball pythons (D:1)
  4 bats
  3 endoplasms (D:1)
  2 giant cockroaches (D:1)
  2 goblins
  6 hobgoblins
  4 jackals (D:1)
  3 kobolds
  3 quokkas
  A frilled lizard (D:1)
  A rat (D:1)
35 creatures vanquished.

Vanquished Creatures (others)
  A plant (D:1)
1 creature vanquished.

Grand Total: 36 creatures vanquished

Notes
Turn   | Place    | Note
-------+----------+-------------------------------------------
     0 | D:1      | hilljack the Gargoyle Earth Elementalist began the quest
                  | for the Orb.
     0 | D:1      | Reached XP level 1. HP: 10/10 MP: 3/3
   161 | D:1      | Reached skill level 1 in Fighting
   204 | D:1      | Reached XP level 2. HP: 17/17 MP: 3/5
   255 | D:1      | Reached skill level 2 in Fighting
   543 | D:1      | Reached XP level 3. HP: 22/22 MP: 6/6
   762 | D:1      | Reached skill level 3 in Fighting
  1397 | D:2      | Found Ewnapnung's Magic Scroll Emporium.
  1402 | D:2      | Found Nahoicoess's Weapon Boutique.
  1443 | D:2      | Bought a scroll of magic mapping for 35 gold pieces
  1668 | D:2      | Reached XP level 4. HP: 4/29 MP: 3/7
  2076 | D:2      | Reached skill level 4 in Fighting
  2086 | D:2      | Noticed Sigmund
  2124 | D:2      | Slain by Sigmund

Illustrated notes

Levels and vault maps discovered:
D:1:      sevenhm_arrival_forest_fort_small_5, layout_rooms,
          chequers_serial_rivers_marsh, serial_bayou_crossing
D:2:      layout_basic, serial_shops, shop_fountains, shop,
          nicolae_diamond_shop, nicolae_shop_crystal, shop, uniq_sigmund

Skill      XL: |  1  2  3  4 |
---------------+-------------+-----
Fighting       | 1 2 3 4 |  4.1
Dodging        | |  1.5
Stealth        | |  2.1
Spellcasting   | |  2.0
Transmutations | |  0.7
Earth Magic    | |  3.6

Action                   |  1- 3 |  4- 6 || total
-------------------------+-------+-------++-------
Melee: Unarmed           |     6 |       ||     6
       Whip              |   130 |     2 ||   132
 Cast: Sandblast         |    23 |     4 ||    27
  Use: Scroll            |     1 |     1 ||     2
 Stab: Sleeping          |     2 |     1 ||     3
Armor: Leather armour    |    77 |     3 ||    80
Dodge: Dodged            |   115 |     3 ||   118

Table legend: (Time is in decaauts)
 A = Elapsed time spent in this place.
 B = Non-inter-level travel time spent in this place.
 C = Inter-level travel time spent in this place.
 D = Time resting spent in this place.
 E = Time spent auto-exploring this place.
 F = Levels seen in this place.
 G = Mean time per level.
                   A        B        C        D        E       F      G
               +--------+--------+--------+--------+--------+-----+--------+
         Total |   2144 |   2114 |     30 |    702 |   1006 |   2 | 1072.0 |
       Dungeon |   2144 |   2114 |     30 |    702 |   1006 |   2 | 1072.0 |
               +--------+--------+--------+--------+--------+-----+--------+

Top non-repeatable levels by time:
     D:1: 1090 daAuts
     D:2: 1054 daAuts
